 Dungeon Crawl Stone Soup version 0.26-a0-259-g1effd001a9 (webtiles) character file.

Game seed: 8222040669711158587

71 vurker the Sneak (level 4, 35/35 HPs)
             Began as a Demonspawn Brigand on July 17, 2020.
             Quit the game on level 2 of the Dungeon.
             The game lasted 00:02:13 (1442 turns).

vurker the Sneak (Demonspawn Brigand)               Turns: 1442, Time: 00:02:14

Health: 35/35      AC:  6    Str: 13    XL:     4   Next: 5%
Magic:  4/4        EV: 10    Int: 12    God:
Gold:   96         SH:  0    Dex: 22    Spells: 3/3 levels left

rFire    . . .     SeeInvis .   a - +2 dagger
rCold    . . .     Faith    .   (no shield)
rNeg     . . .     Spirit   +   r - +0 ring mail
rPois    .         Reflect  .   (helmet restricted)
rElec    .         Harm     .   c - +0 cloak
rCorr    .                      (no gloves)
MR       .....                  (no boots)
Stlth    +++.......             p - amulet of guardian spirit
HPRegen  0.11/turn              n - +6 ring of dexterity
MPRegen  0.09/turn              (no ring)

@: no status effects
A: horns 1, thin skeletal structure 1, spiny 1
a: no special abilities


You were on level 2 of the Dungeon.
You were not hungry.

You visited 1 branch of the dungeon, and saw 2 of its levels.

You collected 96 gold pieces.

Inventory:

Hand Weapons
 a - a +2 dagger (weapon)
Missiles
 d - 21 poisoned darts (quivered)
 f - 2 curare-tipped darts
Armour
 c - a +0 cloak (worn)
 r - a +0 ring mail (worn)
   (You found it on level 2 of the Dungeon)
Jewellery
 n - a +6 ring of dexterity (left hand)
   (You found it on level 2 of the Dungeon)
 p - an amulet of guardian spirit (around neck)
   (You found it on level 2 of the Dungeon)
Scrolls
 i - a scroll of random uselessness {unknown}
 j - a scroll of magic mapping {unknown}
 m - 2 scrolls of identify {unknown}
 o - a scroll of enchant weapon {unknown}
 q - 2 scrolls of teleportation {unknown}
Potions
 g - a potion of magic {unknown}
 h - 2 potions of curing {unknown}
 k - a potion of invisibility {unknown}
 l - a potion of brilliance {unknown}
Comestibles
 e - a ration


   Skills:
 + Level 3.3 Fighting
 - Level 1.7 Short Blades
 + Level 3.0 Throwing
 - Level 0.8 Dodging
 - Level 3.6 Stealth


You had 3 spell levels left.
You didn't know any spells.
Your spell library was empty.

Dungeon Overview and Level Annotations

Branches:
Dungeon (2/15)

Altars:
Nemelex Xobeh


Innate Abilities, Weirdness & Mutations

You have a pair of small horns on your head.
You have a somewhat thin skeletal structure. (Dex +2, Stealth)
You are partially covered in sharp spines.


Message History

You are poisoned.
The adder poisons you!
You hit the adder. Your headbutt misses the adder.
You feel sick. The adder is struck by your spines.
The adder closely misses you.
You hit the adder.
You kill the adder!
Your Throwing skill increases to level 3!
You feel sick.
You feel sick.
You feel sick.
You are no longer poisoned.
You see here an adder corpse.
A kobold comes into view. It is wielding a +0 short sword.
A kobold is nearby!
A kobold is nearby!
The kobold shouts!
You hit the kobold.
You kill the kobold!
No target in view!
No target in view!
No target in view!
No target in view!
No target in view!
No target in view!
No target in view!
No target in view!
m - 2 scrolls labeled LOESEA VOSSUAW (gained 1)
Things that are here:
a +0 short sword; 2 stones; an uncursed amulet of guardian spirit A frilled lizard comes into view.
A frilled lizard is nearby!
A frilled lizard is nearby!
The frilled lizard is struck by your spines.
You kill the frilled lizard!
No target in view!
No target in view!
No target in view!
No target in view!
No target in view!
No target in view!
No target in view!
You see here a frilled lizard corpse.
Found an amethyst potion.
Found an escape hatch in the floor.
An adder comes into view.
The helpless adder fails to defend itself.
You impale the adder!!
You kill the adder!
You have reached level 4!
You feel stronger.
Your demonic ancestry asserts itself...
Your bones become slightly less dense.

## #.# #.# ##
#.# #.# .#!#
#.## .#.#.#
#.#.#
.#.#.#.#†#.###
#.#.#.#@#.#..#
#.#.#.#.#.#.#
#.#.#.#.#..# #
#.#.#.#.# #....#
.#.#.#.#.#...>.#
#....#
#.#.#.#.#.###.##
#....#
#.#..#.####
##....# #.#..#.#
......# #.#. #.#


There were no monsters in sight!

Vanquished Creatures
  2 adders (D:2)
  A worm (D:2)
  3 dart slugs
  A leopard gecko (D:1)
  6 bats
  6 giant cockroaches
  6 goblins (D:1)
  3 hobgoblins
  6 kobolds
  5 frilled lizards
  5 rats
44 creatures vanquished.

Notes
Turn   | Place    | Note
-------+----------+-------------------------------------------
     0 | D:1      | vurker the Demonspawn Brigand began the quest for the Orb.
     0 | D:1      | Reached XP level 1. HP: 16/16 MP: 1/1
   201 | D:1      | Gained mutation: You are partially covered in sharp spines.
                  | [demonic ancestry]
   201 | D:1      | Reached XP level 2. HP: 23/23 MP: 2/2
   694 | D:1      | Gained mutation: You have a pair of small horns on your
                  | head. [demonic ancestry]
   694 | D:1      | Reached XP level 3. HP: 22/28 MP: 3/3
   919 | D:1      | Found a sparkling altar of Nemelex Xobeh.
  1441 | D:2      | Gained mutation: You have a somewhat thin skeletal
                  | structure. (Dex +2, Stealth) [demonic ancestry]
  1441 | D:2      | Reached XP level 4. HP: 35/35 MP: 4/4
  1442 | D:2      | Quit the game

Illustrated notes

Levels and vault maps discovered:
D:1:      dpeg_arrival_lava_altar, layout_rooms, minmay_worlds_worst_comb
D:2:      layout_basic, minivault_23, chequers_mini_garden, minmay_pentomino_u4

Skill      XL: |  1  2  3 |
---------------+----------+-----
Throwing       | 2 3 |  3.0
Fighting       | 3 |  3.3
Short Blades   | |  1.7
Dodging        | |  0.8
Stealth        | |  3.6

Action                   |  1- 3 |  4- 6 || total
-------------------------+-------+-------++-------
Melee: Dagger            |   102 |       ||   102
       Headbutt          |     5 |       ||     5
 Stab: Sleeping          |     7 |       ||     7
  Eat: Ration            |     1 |       ||     1
Armor: Robe              |    21 |       ||    21
       Ring mail         |     1 |       ||     1
Dodge: Dodged            |    58 |       ||    58

Table legend:
 A = Non-vault XP
 B = Vault XP
 C = Vault XP percentage of total XP
 D = Non-vault monster count
 E = Vault monster count
 F = Vault count percentage of total count
                 A         B        C        D         E       F
            +---------+---------+-------+---------+---------+-------
      Total |      88 |      14 |  13.7 |      37 |       7 |  15.9
            +---------+---------+-------+---------+---------+-------
        D:1 |      41 |       8 |  16.3 |      22 |       4 |  15.4
        D:2 |      47 |       6 |  11.3 |      15 |       3 |  16.7
            +---------+---------+-------+---------+---------+-------
